Map: Nightscape LE

Players

MattBarry - Winner!

  • Race: Zerg Zerg
  • League: Gold
  • Spawn Location: 7:00

PiPuxD - Winner!

  • Race: Terran Terran
  • League: Gold
  • Spawn Location: 7:00

Hughesgr

  • Race: Protoss Protoss
  • League: Gold
  • Spawn Location: 1:00

FriedChicken

  • Race: Zerg Zerg
  • Spawn Location: 1:00

VOD

Have the link to the VOD?

Description

Time

  • Played on: Feb. 10, 2023, 5:29 p.m.
  • Length: 18:25
Show
View Real Time Build Order
Export as new Build Order

MattBarry Zerg - Winner!

Build Orders: Hatch First 

Get SALT Encoding   

  12  0:00  Drone  
  13  0:12  Overlord  
  13  0:19  Drone  
  14  0:31  Drone x2  
  16  0:53  Drone  
  16  0:55  Hatchery  
  16  0:57  Drone  
  16  0:59  Drone  
  18  1:11  Extractor  
  17  1:17  Spawning Pool  
  16  1:23  Drone  
  16  1:24  Drone  
  18  1:41  Drone  
  18  1:42  Drone  
  20  1:53  Drone  
  21  2:04  Evolution Chamber  
  21  2:06  Queen  
  22  2:08  Queen  
  22  2:11  Zergling x4  
  22  2:14  Drone  
  27  2:18  Metabolic Boost  
  27  2:26  Drone  
  27  2:28  Overlord  
  28  2:45  Queen  
  29  2:53  Zergling x6  
  29  2:54  Zergling x6  
  32  3:07  Zergling x4  
  34  3:24  Zergling x4  
  36  3:33  Overlord  
  36  3:34  Overlord  
  34  3:44  Drone  
  34  3:46  Overlord x2  
  33  4:02  Zergling x4  
  33  4:03  Zergling x6  
  34  4:15  Zergling x10  
  37  4:26  Zerg Melee Weapons Level 1  
  37  4:28  Queen x2  
  37  4:30  Zergling x2, Drone  
  42  4:49  Zergling x12  
  42  4:50  Evolution Chamber  
  47  4:54  Drone  
  48  5:10  Spore Crawler  
  48  5:13  Spore Crawler  
  46  5:20  Lair  
  46  5:24  Roach Warren, Extractor  
  38  5:46  Drone  
  38  5:47  Drone x7  
  38  5:49  Drone  
  45  6:04  Pneumatized Carapace  
  45  6:05  Drone x2  
  45  6:06  Drone  
  48  6:18  Zergling x10  
  51  6:32  Roach x5  
  59  6:36  Overlord  
  59  6:55  Roach  
  59  6:56  Roach x3  
  59  7:00  Zerg Ground Armor Level 1  
  67  7:05  Zerg Missile Weapons Level 1  
  67  7:12  Extractor  
  67  7:13  Extractor  
  62  7:32  Overlord x2  
  62  7:33  Overlord  
  62  7:34  Roach x2  
  66  7:38  Glial Reconstitution  
  66  7:40  Hatchery  
  65  8:14  Queen  
  65  8:18  Spore Crawler  
  66  8:20  Spore Crawler  
  65  8:27  Overlord  
  65  8:28  Roach x3  
  65  8:29  Roach x4  
  79  8:35  Hydralisk Den  
  78  8:58  Drone x5  
  83  9:11  Muscular Augments  
  79  9:55  Hydralisk x3, Drone x3  
  79  9:57  Overlord x2  
  88  10:09  Drone  
  88  10:10  Overlord x2  
  89  10:14  Hatchery, Drone  
  89  10:15  Drone  
  90  10:23  Overseer  
  90  10:36  Zerg Missile Weapons Level 2, Grooved Spines  
  90  10:52  Overlord  
  90  10:55  Hydralisk x3  
  95  11:07  Ravager x5  
  100  11:15  Lurker Den  
  99  11:18  Infestation Pit  
  99  11:20  Drone x4  
  99  11:23  Drone  
  103  11:32  Queen  
  103  11:36  Overlord  
  105  11:55  Hydralisk x4  
  105  12:00  Spore Crawler  
  105  12:04  Spore Crawler  
  104  12:12  Queen  
  104  12:15  Drone  
  107  12:36  Hydralisk  
  107  12:37  Hydralisk x4  
  112  13:00  Queen x2  
  112  13:03  Spore Crawler  
  113  13:23  Hatchery  
  113  13:24  Drone x4  
  113  13:25  Drone x3  
  119  13:48  Spore Crawler  
  118  13:49  Spore Crawler  
  117  14:05  Hatchery  
  117  14:09  Overlord x3  
  102  14:44  Hydralisk x5  
  112  14:54  Drone x3  
  112  14:55  Drone  
  116  15:03  Drone x2  
  116  15:04  Drone  
  115  15:16  Drone  
  115  15:17  Drone x8  
  115  15:18  Drone x6  
  115  15:20  Queen  
  132  15:21  Queen  
  132  15:26  Overlord x2  
  134  15:33  Hive  
  126  15:40  Zerg Ground Armor Level 2  
  110  15:57  Queen  
  108  16:09  Lurker  
  108  16:10  Lurker x8  
  108  16:11  Lurker  
  118  16:27  Hydralisk x2  
  118  16:28  Hydralisk x4  
  118  16:30  Roach x7  
  118  16:31  Zergling x8, Roach  
  150  16:36  Extractor  
  150  16:37  Extractor  
  148  16:54  Hydralisk x9  
  166  17:07  Hydralisk x4  
  171  17:35  Swarm Host  
  171  17:36  Hydralisk  
  173  17:38  Hydralisk  
  171  17:50  Extractor  
  171  17:51  Extractor  
  155  18:16  Hatchery  
Show
View Real Time Build Order
Export as new Build Order

PiPuxD Terran - Winner!

Build Orders: Reaper Expand, Mech 

Get SALT Encoding   

  12  0:00  SCV  
  13  0:12  SCV  
  14  0:17  Supply Depot  
  14  0:24  SCV  
  15  0:39  SCV  
  15  0:40  Barracks  
  16  0:45  Refinery  
  16  0:51  SCV  
  17  1:03  SCV  
  18  1:15  SCV  
  19  1:28  Reaper  
  19  1:29  Orbital Command  
  20  1:40  Command Center  
  20  1:49  Supply Depot  
  20  1:55  SCV  
  20  2:00  Barracks Reactor  
  21  2:07  SCV  
  22  2:09  Refinery  
  22  2:19  SCV  
  23  2:31  Factory  
  23  2:41  Marine x2  
  25  2:47  SCV  
  25  2:48  Barracks  
  26  3:05  Bunker  
  26  3:07  Marine x2  
  27  3:14  Orbital Command  
  27  3:15  Widow Mine  
  29  3:21  SCV  
  29  3:25  Marine x2  
  32  3:35  Orbital Command  
  32  3:37  Widow Mine  
  34  3:54  Marine  
  34  3:55  Marine x2  
  36  3:58  Widow Mine  
  39  4:10  SCV x2  
  41  4:22  SCV x2  
  43  4:29  Supply Depot  
  43  4:32  Supply Depot, Armory  
  43  4:34  SCV  
  43  4:35  Barracks Tech Lab, SCV  
  43  4:37  Factory  
  45  4:51  SCV x2  
  47  4:55  Supply Depot  
  47  4:57  Hellion  
  47  4:58  Hellion  
  51  5:03  SCV x2  
  51  5:04  Engineering Bay  
  53  5:15  SCV x2  
  53  5:18  Factory  
  55  5:25  Supply Depot  
  55  5:27  SCV x2  
  57  5:29  Hellion x2  
  61  5:39  Factory  
  61  5:40  Siege Tank  
  61  5:42  Infernal Pre-Igniter  
  64  5:44  SCV x2  
  66  5:51  Supply Depot  
  66  5:52  Refinery  
  66  5:56  SCV x2  
  68  6:02  Factory Tech Lab  
  68  6:04  Armory  
  68  6:08  SCV x2, Hellion x2  
  74  6:17  Refinery  
  74  6:26  Siege Tank x2  
  74  6:30  Command Center  
  78  6:33  Hellion x2  
  82  6:44  Starport, Terran Vehicle Weapons Level 1  
  82  6:48  Factory Tech Lab  
  82  6:51  Terran Vehicle And Ship Armor Level 1  
  82  7:00  SCV x2  
  84  7:05  Hellion  
  86  7:11  Supply Depot x2  
  86  7:12  SCV x2  
  86  7:13  Hellion  
  89  7:28  Siege Tank  
  92  7:32  Siege Tank x2  
  92  7:36  Starport Reactor  
  92  7:37  Supply Depot  
  98  7:46  SCV x2, Command Center  
  98  7:48  Hellion x2  
  104  7:58  SCV  
  104  8:01  Thor  
  108  8:22  Missile Turret  
  108  8:24  Missile Turret  
  108  8:28  Missile Turret, Thor  
  108  8:33  Thor  
  109  9:23  Thor x2  
  117  9:25  Hellion x3  
  118  9:48  SCV x2  
  120  10:00  SCV  
  120  10:01  Siege Tank  
  124  10:11  Missile Turret  
  124  10:13  Missile Turret  
  124  10:15  Missile Turret  
  124  10:18  Siege Tank x2  
  124  10:19  Orbital Command  
  130  10:21  SCV x2  
  132  10:33  SCV  
  132  10:34  SCV  
  134  10:35  Terran Vehicle Weapons Level 2  
  134  10:37  Terran Vehicle And Ship Armor Level 2  
  134  10:45  Refinery  
  134  10:48  Refinery  
  134  10:49  SCV  
  136  10:50  SCV x2, Command Center  
  136  10:54  Siege Tank  
  140  11:02  SCV x3  
  143  11:31  SCV x3  
  146  11:38  Supply Depot  
  146  11:39  Supply Depot x2  
  146  11:43  SCV x2  
  146  11:44  SCV  
  147  11:50  Missile Turret  
  147  11:57  Missile Turret  
  147  12:00  Missile Turret x2  
  147  12:10  Thor x3  
  147  12:12  Hellion x2  
  169  12:19  Missile Turret  
  169  12:21  Missile Turret x2  
  169  12:23  Missile Turret  
  169  12:24  Command Center  
  164  12:47  Missile Turret  
  164  12:48  Missile Turret  
  164  12:51  SCV x3  
  167  13:03  SCV x2  
  167  13:04  Orbital Command, SCV  
  170  13:12  Thor x3  
  188  13:17  Terran Vehicle Weapons Level 3  
  188  13:18  Terran Vehicle And Ship Armor Level 3  
  188  13:49  Hellion x2  
  188  13:52  Orbital Command  
  192  14:03  SCV x3  
  195  14:11  Refinery  
  195  14:12  Refinery  
  195  14:15  Viking x2  
  146  14:43  Hellion x2  
  146  14:44  Siege Tank x3  
  159  14:54  Viking  
  159  14:55  Viking  
  163  15:04  Factory x2  
  163  15:06  Factory  
  163  15:07  Factory  
  163  15:11  SCV x4  
  167  15:15  Orbital Command  
  167  15:18  Siege Tank  
  167  15:19  Siege Tank x2  
  167  15:20  Hellion x2  
  170  15:45  Hellion x2  
  174  15:55  Thor  
  174  15:56  Thor x2  
  188  15:59  Factory Tech Lab x4  
  185  16:17  Hellion  
  185  16:18  Thor, Hellion  
  190  16:27  Terran Ship Weapons Level 1  
  190  16:29  Viking x2  
  194  16:47  Thor  
Show
View Real Time Build Order
Export as new Build Order

Hughesgr Protoss 

Build Orders:  

Get SALT Encoding   

  12  0:02  Probe  
  13  0:14  Probe  
  13  0:20  Pylon  
  14  0:27  Probe  
  15  0:41  Gateway  
  16  0:42  Probe (Chrono Boost)  
  16  0:54  Probe (Chrono Boost)  
  17  0:59  Probe (Chrono Boost)  
  17  1:03  Assimilator  
  18  1:09  Probe (Chrono Boost)  
  20  1:18  Probe (Chrono Boost)  
  20  1:21  Assimilator  
  20  1:23  Probe (Chrono Boost)  
  21  1:31  Cybernetics Core  
  21  1:40  Pylon  
  21  1:44  Gateway  
  21  1:52  Pylon  
  21  2:03  Probe  
  21  2:04  Warp Gate (Chrono Boost)  
  22  2:10  Stalker  
  24  2:15  Probe  
  25  2:32  Stalker  
  27  2:40  Stalker  
  29  2:56  Nexus  
  29  3:02  Stalker  
  31  3:10  Stalker  
  33  3:13  Robotics Facility  
  29  3:54  Stalker x2  
  33  4:14  Warp Prism (Chrono Boost)  
  31  4:25  Stalker x2  
  35  4:34  Gateway  
  35  4:41  Immortal (Chrono Boost), Probe  
  35  4:42  Probe  
  41  4:53  Probe  
  41  4:57  Probe  
  43  5:01  Stalker  
  43  5:02  Stalker  
  43  5:06  Probe  
  48  5:09  Probe  
  48  5:13  Pylon  
  49  5:42  Shield Battery  
  49  5:51  Sentry  
  49  5:52  Stalker x2  
  55  6:34  Immortal  
  55  6:37  Stalker  
  61  6:47  Pylon  
  61  6:51  Pylon  
  61  6:53  Assimilator  
  61  6:56  Forge  
  61  6:59  Assimilator  
  61  7:01  Gateway  
  61  7:03  Stargate  
  61  7:06  Pylon  
  61  7:09  Stargate  
  61  7:16  Stalker x3  
  67  7:29  Probe x2  
  69  7:41  Probe x2  
  69  7:43  Sentry  
  73  7:53  Probe x2  
  75  8:06  Probe x2 (Chrono Boost)  
  77  8:18  Probe x2 (Chrono Boost)  
  83  8:23  Probe x2 (Chrono Boost)  
  83  8:24  Void Ray  
  85  8:32  Probe  
  86  9:17  Probe  
  85  9:29  Void Ray  
  65  9:50  Immortal  
  65  9:52  Stalker x4  
  77  10:01  Shield Battery  
  77  10:03  Shield Battery  
  77  10:06  Photon Cannon  
  77  10:07  Photon Cannon  
  77  10:09  Photon Cannon  
  77  10:11  Photon Cannon  
  77  10:17  Protoss Shields Level 1  
  77  10:28  Void Ray  
  85  10:29  Nexus  
  85  10:30  Pylon, Void Ray  
  85  10:32  Pylon  
  85  10:35  Pylon  
  85  10:39  Protoss Air Weapons Level 1 (Chrono Boost)  
  85  10:43  Pylon  
  85  10:46  Pylon  
  85  10:48  Immortal  
  89  10:50  Pylon  
  89  11:00  Sentry  
  89  11:01  Stalker x2  
  89  11:02  Stalker  
  101  11:11  Void Ray  
  101  11:26  Photon Cannon  
  101  11:28  Photon Cannon  
  101  11:30  Photon Cannon  
  101  11:31  Photon Cannon  
  101  11:33  Shield Battery  
  101  11:34  Probe x2  
  103  11:46  Probe  
  100  12:17  Probe x3  
  100  12:19  Stalker x2  
  100  12:20  Stalker x2  
  111  12:29  Probe x3  
  114  12:41  Probe  
  114  12:42  Protoss Air Armor Level 1  
  107  12:46  Immortal  
  107  12:48  Zealot x4  
  119  12:55  Probe (Chrono Boost)  
  119  12:57  Probe (Chrono Boost)  
  122  12:58  Probe (Chrono Boost)  
  124  13:06  Probe x2 (Chrono Boost)  
  124  13:07  Probe (Chrono Boost)  
  124  13:11  Twilight Council  
  125  13:17  Gateway  
  125  13:18  Gateway  
  125  13:26  Gateway  
  125  13:38  Protoss Ground Weapons Level 1 (Chrono Boost)  
  125  13:48  Immortal  
  125  13:50  Sentry  
  125  13:51  Zealot x3  
  137  14:01  Void Ray x2  
  75  14:41  Stalker x5  
  75  14:42  Stalker x2  
  83  14:47  Immortal (Chrono Boost)  
  81  15:16  Phoenix  
  81  15:18  Zealot x4  
  81  15:19  Zealot x3  
  97  15:24  Immortal (Chrono Boost)  
  83  15:41  Stalker x3  
  83  15:42  Stalker x4  
  77  15:53  Immortal (Chrono Boost)  
  73  16:00  Oracle x2  
  73  16:01  Charge (Chrono Boost)  
  73  16:04  Protoss Ground Armor Level 1 (Chrono Boost)  
  68  16:22  Immortal (Chrono Boost)  
  70  16:55  Immortal  
  74  17:03  Sentry  
  74  17:04  Sentry  
  74  17:05  Stalker x3  
  84  17:35  Assimilator  
  84  17:36  Assimilator  
  80  17:58  Nexus  
Show
View Real Time Build Order
Export as new Build Order

FriedChicken Zerg 

Build Orders: Pool First 

Get SALT Encoding   

  12  0:02  Drone  
  13  0:09  Extractor  
  12  0:28  Spawning Pool  
  11  0:30  Drone  
  12  0:35  Drone  
  12  0:39  Drone  
  14  0:51  Overlord  
  14  1:11  Drone x2  
  16  1:16  Metabolic Boost  
  16  1:23  Queen  
  18  1:30  Zergling x2  
  18  1:31  Zergling x2  
  20  1:43  Zergling x2  
  21  1:49  Zergling x2  
  22  2:33  Overlord  
  22  2:51  Queen  
  24  3:07  Zergling x10  
  29  3:37  Drone x2  
  24  4:04  Zergling x6  
  24  4:08  Zergling x4  
  24  4:09  Zergling x2  
  28  4:20  Hatchery  
  27  4:34  Lair  
  27  4:37  Extractor, Drone x4  
  30  4:39  Overlord  
  30  5:04  Drone x3  
  30  5:05  Drone x2  
  35  5:19  Drone  
  36  5:25  Zergling x2  
  37  5:33  Zergling x8  
  40  5:42  Queen  
  40  5:43  Queen  
  40  5:49  Spire  
  39  5:50  Spore Crawler  
  37  6:25  Overlord x2  
  37  6:29  Zergling x2  
  37  6:30  Zergling x10  
  38  6:42  Overseer  
  38  7:05  Zerg Flyer Armor Level 1  
  38  7:06  Mutalisk x2  
  38  7:07  Mutalisk x4  
  50  7:13  Drone x5  
  55  7:30  Queen x2  
  55  7:32  Overlord  
  55  7:33  Overlord x2  
  59  7:37  Spore Crawler  
  58  7:55  Drone x3  
  58  7:56  Drone x3  
  60  8:05  Queen  
  58  8:19  Mutalisk x4  
  66  8:55  Extractor  
  65  8:56  Drone x6  
  65  8:57  Extractor  
  64  9:50  Drone x4  
  64  9:51  Drone x2  
  70  10:03  Zerg Flyer Weapons Level 1  
  70  10:07  Hatchery  
  69  10:14  Mutalisk x2  
  69  10:15  Mutalisk  
  69  10:17  Overlord  
  75  10:27  Evolution Chamber  
  74  10:31  Evolution Chamber, Overlord x2  
  73  10:41  Mutalisk x5  
  73  10:42  Hatchery  
  82  10:55  Spine Crawler  
  81  10:57  Zerg Melee Weapons Level 1  
  81  10:59  Drone x5  
  81  11:00  Drone  
  87  11:15  Infestation Pit  
  86  11:23  Drone x5  
  86  11:24  Drone x2  
  93  12:05  Mutalisk x5  
  93  12:06  Mutalisk  
  106  12:15  Zergling x4  
  106  12:16  Zergling x10  
  106  12:20  Hive  
  112  12:45  Hatchery  
  92  12:58  Mutalisk x2  
  92  12:59  Mutalisk x2  
  98  13:08  Zergling x2  
  98  13:09  Zergling x16  
  98  13:10  Zergling x4  
  105  13:29  Zerg Flyer Weapons Level 2  
  105  13:38  Roach Warren  
  103  13:49  Zergling x4  
  103  13:50  Zergling x14  
  112  14:03  Overlord x6  
  111  14:16  Queen x3  
  83  14:28  Zergling x18  
  78  14:42  Zergling x16  
  78  14:45  Adrenal Glands  
  86  14:52  Queen x2  
  81  14:57  Queen  
  81  14:58  Mutalisk  
  81  14:59  Mutalisk x4  
  82  15:21  Zerg Melee Weapons Level 2  
  82  15:22  Mutalisk x2  
  82  15:23  Mutalisk  
  82  15:27  Queen x2  
  73  15:46  Zergling x14  
  73  15:47  Zergling x10  
  83  15:50  Queen  
  83  15:51  Overseer  
  85  16:00  Roach x3  
  85  16:03  Queen x2  
  95  16:11  Roach  
  95  16:12  Roach x2  
  83  16:36  Mutalisk x5  
  83  16:38  Overlord x5  
  83  16:39  Overlord x2  
  93  16:44  Overseer x2  
  93  16:53  Zergling x6  
  93  16:54  Zergling x6  
  99  17:09  Overseer  
  99  17:10  Overseer x2, Pneumatized Carapace  
  99  17:12  Zergling x6  
  99  17:13  Zergling x8  
  106  17:22  Overseer  
  83  17:42  Mutalisk x3  
  70  17:44  Roach  
  70  17:45  Zergling x6  
  70  17:46  Zergling x12  
Tags
 
Add a new tag
Caveats
  • Supply blocks, unpowered buildings, or Contaminate may cause inaccurate times.
  • Supply counts are checked every 10 seconds.